 Dungeon Crawl Stone Soup version 0.22-a0-389-g8519d86 (webtiles) character file.

14 Kairos the Skirmisher (level 2, 16/16 HPs)
             Began as a Vine Stalker Fighter on Apr 30, 2018.
             Quit the game on level 1 of the Dungeon.
             The game lasted 00:00:33 (642 turns).

Kairos the Skirmisher (Vine Stalker Fighter)         Turns: 642, Time: 00:00:33

Health: 16/16      AC:  6    Str: 15 (18) XL:     2   Next: 45%
Magic:  3/3        EV:  6    Int:  6 (8)  God:
Gold:   17         SH:  8    Dex: 11 (13) Spells: 1/1 levels left

rFire    . . .     SeeInvis .   a - +0 war axe
rCold    . . .     Gourm    .   c - +0 shield
rNeg     . . .     Faith    .   b - +0 scale mail
rPois    .         Spirit   +   (no helmet)
rElec    .         Reflect  .   (no cloak)
rCorr    .         Harm     .   (no gloves)
MR       .....                  (no boots)
Stlth    ..........             (no amulet)
HPRegen  0.05/turn              (no ring)
MPRegen  0.08/turn              (no ring)

@: flying
A: fangs 2, magic shield, antimagic bite, no potion heal 3, rot immunity
a: no special abilities


You were on level 1 of the Dungeon.
You were not hungry.

You visited 1 branch of the dungeon, and saw 1 of its levels.

You collected 17 gold pieces.

Inventory:

Hand Weapons
 a - a +0 war axe (weapon)
Armour
 b - a +0 scale mail (worn)
 c - a +0 shield (worn)
Scrolls
 g - a scroll of identify
 i - a scroll of remove curse
Potions
 d - a potion of might
Comestibles
 f - a ration


   Skills:
 + Level 2.9 Fighting
 + Level 2.0 Axes
 + Level 2.6 Armour
 + Level 2.9 Shields


You had one spell level left.
You didn't know any spells.

Dungeon Overview and Level Annotations

Branches:
Dungeon (1/15)

Altars:


Innate Abilities, Weirdness & Mutations

You have extremely sharp teeth.
When hurt, damage is shared between your health and your magic reserves.
Your bite disrupts and absorbs the magic of your enemies.
Potions cannot restore your health.
You are immune to rotting.


Message History

There is an open door here.
Key pressed, stopping explore.
No target in view!
There is an open door here.
There is a staircase leading out of the dungeon here.
You open the door.
There is an open door here.
Partly explored, can't reach some places.
Partly explored, can't reach some places.
Partly explored, can't reach some places.
It was a potion of flight.
You feel very buoyant.
You fly up into the air.
It was a potion of degeneration.
There was something very wrong with that liquid.
You feel weakened.
You feel dopey.
You feel clumsy.
As you read the scroll labeled UFAFOD HI CATU, it crumbles to dust.
It is a scroll of identify.
i - a scroll of remove curse Are you sure you want to abandon this character and quit the game? (Confirm with "yes".)

#...#.#### ##############..#....
#.###.##..# ##≈(≈## ##..##.#.#.#
#.....#.#..# ###'#####....#.#....
#######....###.....###...§#.#....
# .#..#.#.#.....#8#.#§§'.#.#.# #
.##.#.#.'..<..'.'..§§'.#.... ###
.#....#.#.....#8#.§§§'.#.... ..#
##..#.###.....###§§§§###.#.# ..#
#....# ###@#####§§§.# #.... ..##
##..# ##≈.≈## ##§.## #.... ...#
### ######### #### #.#.# ...#
##...≈...## #.... ...#
#..≈≈≈≈≈..# #....
...#########.≈≈≈≈≈≈≈.# #.#.#
...........##..≈≈≈..## #....
.....#####.########## #....
.....# #.####...# #.#.#


There were no monsters in sight!

Vanquished Creatures
  A dart slug (D:1)
  2 bats (D:1)
  2 goblins (D:1)
  4 hobgoblins (D:1)
  A kobold (D:1)
  A rat (D:1)
11 creatures vanquished.

Notes
Turn   | Place    | Note
-------+----------+-------------------------------------------
     0 | D:1      | Kairos the Vine Stalker Fighter began the quest for the Orb.
     0 | D:1      | Reached XP level 1. HP: 11/11 MP: 2/2
    63 | D:1      | Reached XP level 2. HP: 14/16 MP: 3/3
   642 | D:1      | Quit the game

Vault maps used:
D:1:      shiori_arrival_elements, minivault_19, columned_hall_lemuel

Skill      XL: |  1  2 |
---------------+-------+-----
Axes           | 2 |  2.0
Fighting       | |  2.9
Armour         | |  2.6
Shields        | |  2.9

Action                   || total
-------------------------++-------
Melee: War axe           ||    23
       Bite              ||     7
  Use: Potion            ||     2
       Scroll            ||     1
Armor: Scale mail        ||     4
Dodge: Dodged            ||     9
Block: Shield            ||    10

Table legend:
 A = Spawn XP
 B = Non-spawn XP
 C = Spawn XP percentage of total XP
 D = Spawn monster count
 E = Non-spawn monster count
 F = Spawn count percentage of total count
 G = Total turns spent on level
                    A         B        C        D         E        F      G
               +---------+---------+-------+---------+---------+-------+---------
         Total |       0 |      21 |   0.0 |       0 |      11 |   0.0 |   642
               +---------+---------+-------+---------+---------+-------+---------
           D:1 |       0 |      21 |   0.0 |       0 |      11 |   0.0 |   642
               +---------+---------+-------+---------+---------+-------+---------
